 Dungeon Crawl Stone Soup version 0.19.0-19-g8c6edcc (webtiles) character file.

167 Lochraine the Chiller (level 5, -6/35 HPs)
             Began as a Merfolk Ice Elementalist on Nov 12, 2016.
             Killed by divine providence
             ... invoked by an orc priest
              (8 damage)
             ... on level 3 of the Dungeon.
             The game lasted 00:07:49 (3637 turns).

Lochraine the Chiller (Merfolk Ice Elementalist)    Turns: 3637, Time: 00:07:50

Health: -6/35      AC:  3    Str:  8    XL:     5   Next: 48%
Magic:  10/10      EV: 12    Int: 16    God:
Gold:   160        SH:  0    Dex: 14    Spells: 3 memorised, 5 levels left

rFire  . . .     SeeInvis .     j - +1 flail (drain)
rCold  . . .     Gourm    .     a - +0 robe
rNeg   . . .     Faith    .     (no shield)
rPois  .         Spirit   .     (no helmet)
rElec  .         Reflect  .     o - +0 cloak
rCorr  .         Harm     .     (no gloves)
MR     .....                    (no boots)
Stlth  ++........               (no amulet)
                                (no ring)
                                (no ring)

@: drained
A: change form in water, swift swim, stealthy swim
a: no special abilities


You were on level 3 of the Dungeon.
You were not hungry.

You visited 1 branch of the dungeon, and saw 3 of its levels.

You collected 160 gold pieces.

Inventory:

Hand Weapons
 e - a +0 whip
 f - a +4 dagger
 j - a +1 flail of draining (weapon)
Missiles
 d - 102 stones (quivered)
Armour
 a - a +0 robe (worn)
 o - a +0 cloak (worn)
Jewellery
 k - an uncursed ring of positive energy {unknown}
 m - a +3 ring of dexterity {unknown}
Scrolls
 i - 3 scrolls of identify {unknown}
Potions
 h - a potion of mutation
Books
 b - a book of Frost

   Spells                             Type                      Level
   a - Freeze                         Ice                          1
   b - Throw Frost                    Conjuration/Ice              2
   c - Ozocubu's Armour               Charms/Ice                   3
   d - Throw Icicle                   Conjuration/Ice              4
   e - Summon Ice Beast               Ice/Summoning                4
Comestibles
 c - 2 bread rations
 p - a beef jerky


   Skills:
 - Level 2.6(2.1) Dodging
 - Level 2.1(1.6) Stealth
 + Level 3.5(2.9) Spellcasting
 + Level 1.9(1.4) Conjurations
 + Level 4.8(4.2) Ice Magic


You had 5 spell levels left.
You knew the following spells:

 Your Spells              Type           Power        Failure   Level  Hunger
a - Freeze                Ice            ###.         4%          1    #......
b - Throw Frost           Conj/Ice       ##....       10%         2    ##.....
c - Ozocubu's Armour      Chrm/Ice       #.......     28%         3    ###....


Dungeon Overview and Level Annotations

Branches:
Dungeon (3/15)

Altars:


Message History

You closely miss the orc priest. The orc hits you.
The orc priest calls down the wrath of Beogh upon you.
Beogh smites you! The orc hits you but does no damage.
The orc closely misses you.
The orc priest invokes the aid of Beogh against you.
Beogh smites you!
* * * LOW HITPOINT WARNING * * *
The orc priest hits you but does no damage.
Found 12 bolts.
It was a potion of cure mutation.
It has a very clean taste.
The antennae on your head shrink away.
Your thin metallic scales disappear.
You no longer feel cold resistant.
The orc hits you but does no damage. The orc priest closely misses you.
You see here 12 bolts.
The orc wizard casts a spell.
The orc wizard blinks!
Found a royal jelly.
The orc priest calls down the wrath of Beogh upon you.
Beogh smites you!
You die...

#...# ### #...# #...# #...# ....#
...# #.########### # ######
.#..(....oo.######.#########.....
#.#########.....@.%#.........####
...# ##########.######### .#.#
#.# ...# #<# #... #.# #.### #.#
.# #.# .# #.# .. #.#


You could see an orc priest and an orc.

Vanquished Creatures
  An orc wizard (D:2)
  5 adders
  4 oozes
  2 worms (D:2)
  4 dart slugs
  2 leopard geckos
  6 orcs (D:3)
  A giant cockroach (D:1)
  8 goblins
  7 hobgoblins
  2 jackals (D:2)
  A quokka (D:2)
  A ball python (D:3)
  5 bats
  7 frilled lizards
  7 kobolds
  9 rats
72 creatures vanquished.

Vanquished Creatures (others)
  A leopard gecko (D:1)
  A hobgoblin (D:1)
  A frilled lizard (D:1)
  2 rats (D:1)
5 creatures vanquished.

Grand Total: 77 creatures vanquished

Notes
Turn   | Place    | Note
-------+----------+-------------------------------------------
     0 | D:1      | Lochraine the Merfolk Ice Elementalist began the quest for the Orb.
     0 | D:1      | Reached XP level 1. HP: 13/13 MP: 3/3
   269 | D:1      | Reached XP level 2. HP: 19/19 MP: 0/5
   805 | D:1      | Reached XP level 3. HP: 21/24 MP: 5/7
   914 | D:1      | Reached skill level 4 in Ice Magic
  1173 | D:1      | Learned a level 2 spell: Throw Frost
  1510 | D:1      | Reached skill level 1 in Conjurations
  1807 | D:2      | Reached XP level 4. HP: 19/30 MP: 5/8
  1918 | D:2      | Learned a level 3 spell: Ozocubu's Armour
  2762 | D:2      | Reached XP level 5. HP: 32/35 MP: 9/9
  3111 | D:2      | Gained mutation: You have a pair of small antennae on your head. [potion of mutation]
  3111 | D:2      | Gained mutation: Your flesh is cold resistant. (rC+) [potion of mutation]
  3111 | D:2      | Gained mutation: You are partially covered in thin metallic scales. (AC +2) [potion of mutation]
  3621 | D:3      | HP: 1/35 [orc priest/divine providence (15)]
  3622 | D:3      | Lost mutation: You have a pair of small antennae on your head. [potion of cure mutation]
  3622 | D:3      | Lost mutation: You are partially covered in thin metallic scales. (AC +2) [potion of cure mutation]
  3622 | D:3      | Lost mutation: Your flesh is cold resistant. (rC+) [potion of cure mutation]
  3637 | D:3      | Killed from afar by an orc priest

Skill      XL: |  1  2  3 |
---------------+----------+-----
Ice Magic      | 4 |  4.8
Conjurations   | 1 |  1.9
Spellcasting   | 3 |  3.5
Dodging        | |  2.6
Stealth        | |  2.1

Action                   |  1- 3 |  4- 6 || total
-------------------------+-------+-------++-------
Melee: Whip              |    72 |    98 ||   170
       Flail             |       |     2 ||     2
Throw: Stone             |     1 |       ||     1
 Cast: Freeze            |    28 |    50 ||    78
       Ozocubu's Armour  |       |     1 ||     1
  Use: Potion            |       |     4 ||     4
 Stab: Sleeping          |     6 |     5 ||    11
  Eat: Chunk             |     1 |     3 ||     4
       Meat ration       |     1 |       ||     1
Armor: Robe              |    11 |    25 ||    36
Dodge: Dodged            |    39 |    88 ||   127
